 Dungeon Crawl Stone Soup version 0.21.1-1-g345015f (webtiles) character file.

53 inc the Vexing (level 3, -1/14 HPs)
             Began as a Felid Enchanter on Mar 12, 2018.
             Slain by an adder (5 damage)
             ... on level 2 of the Dungeon.
             The game lasted 00:02:35 (2579 turns).

inc the Vexing (Felid Enchanter)                    Turns: 2579, Time: 00:02:36

Health: -1/14      AC:  1    Str:  4    XL:     3   Next: 64%
Magic:  7/7        EV: 18    Int: 17    God:
Gold:   54         SH:  0    Dex: 16    Spells: 5/6 levels left
                                        Lives:  0   Deaths: 0

rFire    . . .     SeeInvis +     - Unarmed
rCold    . . .     Gourm    .   (shield unavailable)
rNeg     . . .     Faith    .   (armour unavailable)
rPois    .         Spirit   .   (helmet unavailable)
rElec    .         Reflect  .   (cloak unavailable)
rCorr    .         Harm     .   (gloves unavailable)
MR       .....                  (boots unavailable)
Stlth    +++.......             (no amulet)
HPRegen  0.04/turn              (no ring)
MPRegen  0.10/turn              (no ring)

@: flying, quick
A: very small, no armour, no weapons or thrown items, stealth, claws 1, fangs 3,
see invisible, carnivore, speed 1, shaggy fur 1, slow metabolism 1, sharp paws
a: no special abilities


You were on level 2 of the Dungeon.
You were not hungry.

You visited 1 branch of the dungeon, and saw 2 of its levels.

You collected 54 gold pieces.

Inventory:

Scrolls
 c - a scroll of enchant weapon {unknown}
 e - 6 scrolls of remove curse {unknown}
 f - 2 scrolls of identify {unknown}
 i - a scroll of immolation {unknown}
 k - a scroll of noise {unknown}
 l - a scroll of teleportation {unknown}
Potions
 g - a potion of might {unknown}
 h - a potion of lignification {unknown}
 j - a potion of curing {unknown}
Books
 a - a book of Maledictions

   Spells                             Type                      Level
   a - Corona                         Hexes                        1
   b - Ensorcelled Hibernation        Hexes/Ice                    2
   c - Confuse                        Hexes                        3
   d - Tukima's Dance                 Hexes                        3
   e - Dazzling Spray                 Conjuration/Hexes            3
Comestibles
 b - 6 rations


   Skills:
 - Level 2.6 Dodging
 - Level 4.0 Stealth
 + Level 3.6 Unarmed Combat
 - Level 2.0 Spellcasting
 - Level 4.4 Hexes


You had 5 spell levels left.
You knew the following spells:

 Your Spells              Type           Power        Failure   Level  Hunger
a - Corona                Hex            ###....      3%          1    #......


Dungeon Overview and Level Annotations

Branches:
Dungeon (2/15)

Altars:


Innate Abilities, Weirdness & Mutations

You cannot wear armour.
You are incapable of wielding weapons or throwing items.
Your paws allow you to move quietly. (Stealth)
You have sharp claws.
You have razor-sharp teeth.
You have supernaturally acute eyesight. (SInv)
You are carnivorous and can eat meat at any time.
You cover ground quickly.
You are covered in fur. (AC +1)
You have a slow metabolism.
Your sharp claws are effective at attacking unaware monsters.


Message History

The adder misses you.
You scratch the adder but do no damage.
The adder is moderately wounded.
The adder bites you.
You are too injured to fight recklessly!
You are too injured to fight recklessly!
You are too injured to fight recklessly!
You are too injured to fight recklessly!
You are too injured to fight recklessly!
You are too injured to fight recklessly!
You scratch the adder.
The adder is heavily wounded.
The adder bites you.
* * * LOW HITPOINT WARNING * * *
The adder misses you.
Okay, then.
It was a potion of flight.
You feel very buoyant.
You fly up into the air.
The adder bites you.
You die...

#.# #...............#.#.........
#.# #.....................#.####
#.# #.............#.###...#.#...
#.# #.#####.#####.#.###.÷.#.#.#.
#.# #.# #.#####.#.#.....#.#.#.
#.# #.#####.##....#÷..#...#.#...
#.# #.##....##....##..#...#.####
#.###.##..#.##.................(
##.##...........@S.###.#..#######
....#.#######'##.....#....# #
....#.#........#.###.#....# #
....#.#........#.# #.#....# #
....#.#........#.# #.#....# #
....#.#........#.###.#....#.....K
....#.#........#..........###....
....#.#...))...#.###....>........
....#.#........#.#...........(...


You could see an adder.

Vanquished Creatures
  An ooze (D:2)
  A worm (D:2)
  3 dart slugs (D:1)
  3 leopard geckos
  2 ball pythons
  3 bats
  2 giant cockroaches
  4 goblins (D:1)
  A hobgoblin (D:2)
  2 jackals (D:1)
  8 kobolds
  2 frilled lizards
  4 rats
36 creatures vanquished.

Notes
Turn   | Place    | Note
-------+----------+-------------------------------------------
     0 | D:1      | inc the Felid Enchanter began the quest for the Orb.
     0 | D:1      | Reached XP level 1. HP: 7/7 MP: 4/4
   159 | D:1      | Reached XP level 2. HP: 5/11 MP: 6/6
  1295 | D:2      | Reached XP level 3. HP: 7/14 MP: 7/7
  2579 | D:2      | Slain by an adder

Skill      XL: |  1  2 |
---------------+-------+-----
Unarmed Combat | 2 3 |  3.6
Dodging        | |  2.6
Stealth        | |  4.0
Spellcasting   | |  2.0
Hexes          | |  4.4

Action                   || total
-------------------------++-------
Melee: Unarmed           ||   111
       Bite              ||     6
       Punch             ||     1
  Use: Potion            ||     1
 Stab: Sleeping          ||     8
       Distracted        ||     1
  Eat: Chunk             ||     6
Armor: Skin              ||     7
Dodge: Dodged            ||    97
